Nordiques vs Senateurs

Created - 31 octobre 2019 at 19:58

Goals
1 2 3 T
Nordiques 1 1 2 4
Senateurs 0 0 0 0
Shots
1 2 3 T
Nordiques 8 11 16 35
Senateurs 8 6 13 27

1st period

1. Nordiques , Mathieu Perreault 3 (Connor Brown 3, Travis Sanheim 2) at 16:25

Penalties :
Erik Haula (OTT) for Interference (Minor) at 7:30

2nd period

2. Nordiques , Evander Kane 7 (Shayne Gostisbehere 5, Alexander Wennberg 5) at 11:21

Penalties :
Nick Holden (QUE) for Charging (Minor) at 4:43, Devin Shore (OTT) for Tripping (Minor) at 19:30

3rd period

3. Nordiques , Jamie Benn 4 (Sebastian Aho 9, Patrick Marleau 1) at 0:12 (PP)
4. Nordiques , Luke Glendening 1 (Marcus Pettersson 3, Evander Kane 5) at 2:43

Penalties :
Loui Eriksson (OTT) for Tripping (Minor) at 10:34, Evander Kane (QUE) for Interference (Minor) at 17:10

Goalie Stats

Roberto Luongo (QUE), 27 saves from 27 shots - (1,000), W, 6-4-0, 60:00 minutes
Cory Schneider (OTT), 31 saves from 35 shots - (0,886), L, 1-2-0, 60:00 minutes

Players Stats for Nordiques

Player Name              G  A  P  +/- PIM S  H  SB GA TA FO     MP     PP MP  PK MP  
------------------------------------------------------------------------------------
Alexander Wennberg       0  1  1   2  0   1  0  0  2  0  0/0    18:10   1:42   1:49 
Ben Lovejoy              0  0  0   0  0   2  3  0  0  1  0/0    23:09   2:28   1:51 
Chris Bourque            0  0  0   0  0   1  0  0  1  0  0/0     9:28   0:00   0:00 
Chris Kunitz             0  0  0   0  0   0  1  0  1  0  0/0    10:02   0:00   0:34 
Connor Brown             0  1  1   1  0   4  1  0  0  1  0/0    14:03   0:00   1:26 
Evander Kane             1  1  2   2  2   4  1  0  0  1  0/0    16:43   1:42   0:00 
Jamie Benn               1  0  1   0  0   5  2  1  0  1  0/0    17:36   2:58   0:00 
Luke Glendening          1  0  1   2  0   2  1  1  0  0  7/11   17:52   1:42   1:54 
Marcus Pettersson        0  1  1   1  0   2  0  0  0  1  0/0    18:48   0:00   2:07 
Mathieu Perreault        1  0  1   1  0   3  1  0  0  0  0/0    11:51   0:00   0:00 
Morgan Rielly            0  0  0   0  0   3  0  2  0  0  0/0    23:09   2:28   1:51 
Nick Holden              0  0  0   2  2   0  0  1  0  0  0/0    18:25   2:12   0:00 
Patrick Brown            0  0  0   0  0   0  1  0  0  0  3/5     9:28   0:00   0:00 
Patrick Marleau          0  1  1   0  0   0  1  0  1  2  3/3    17:36   2:58   0:00 
Paul Carey               0  0  0   1  0   3  2  0  0  0  5/9    14:03   0:00   1:26 
Sebastian Aho            0  1  1   0  0   3  0  1  2  0  5/23   18:46   2:58   0:47 
Shayne Gostisbehere      0  1  1   2  0   2  0  1  0  0  0/0    18:03   2:12   0:00 
Travis Sanheim           0  1  1   1  0   0  0  1  0  1  0/0    18:48   0:00   2:07 

Players Stats for Senateurs

Player Name              G  A  P  +/- PIM S  H  SB GA TA FO     MP     PP MP  PK MP  
------------------------------------------------------------------------------------
Christian Folin          0  0  0  -2  0   0  1  1  0  3  0/0    20:25   1:49   1:48 
Devin Shore              0  0  0  -2  2   0  1  0  0  0  0/0    16:04   1:44   0:00 
Dougie Hamilton          0  0  0   0  0   2  3  0  2  0  0/0    24:48   2:09   2:52 
Dustin Brown             0  0  0  -1  0   3  3  0  0  0  1/2    20:20   2:14   2:51 
Erik Haula               0  0  0   0  2   0  2  0  0  0  0/2    11:31   0:00   0:00 
Frans Nielsen            0  0  0  -2  0   4  1  0  2  0  6/14   17:14   1:44   1:07 
Jake McCabe              0  0  0  -2  0   0  0  2  0  0  0/0    20:25   1:49   1:48 
Jakub Voracek            0  0  0  -1  0   6  2  0  0  1  0/1    18:38   2:14   1:07 
Jared McCann             0  0  0  -2  0   3  0  0  0  1  0/0    16:47   1:44   0:42 
Jesper Fast              0  0  0   0  0   3  1  0  1  0  0/0    10:12   0:00   0:00 
Karl Alzner              0  0  0  -1  0   0  0  1  0  0  0/0    14:47   0:00   0:00 
Kevin Porter             0  0  0   0  0   0  1  0  0  0  3/6    10:12   0:00   0:00 
Loui Eriksson            0  0  0   0  2   0  0  0  0  0  0/0    11:33   0:00   0:00 
Nikita Zaitsev           0  0  0   0  0   0  2  2  0  2  0/0    24:48   2:09   2:52 
Ryan Hartman             0  0  0   0  0   4  1  0  1  0  0/0    10:12   0:00   0:00 
Steven Stamkos           0  0  0  -1  0   2  1  0  1  0  18/26  20:20   2:14   2:51 
Tanner Pearson           0  0  0   0  0   0  2  1  0  0  0/0    12:14   0:00   0:42 
Trevor van Riemsdyk      0  0  0  -1  0   0  0  0  1  0  0/0    14:47   0:00   0:00 

3 Stars

1 - Roberto Luongo (QUE)
2 - Evander Kane (QUE)
3 - Luke Glendening (QUE)

Power Play

Nordiques - 1 on 3 Attempt(s) - 33,33%
Senateurs - 0 on 2 Attempt(s) - 0,00%

Penalty Kill

Nordiques - 2 on 2 Attempt(s) - 100,00% - Score 0 goal in Penalty Kill
Senateurs - 2 on 3 Attempt(s) - 66,67% - Score 0 goal in Penalty Kill

Team Stat

Nordiques - Hits : 14 - Faceoff Wins : 23 - Blocked Shots : 8 - Penalty Minutes : 4
Senateurs - Hits : 21 - Faceoff Wins : 28 - Blocked Shots : 7 - Penalty Minutes : 6

Official

Referees : Garrett Rank and Tim Peel
Linesman : Jonny Murray and Jay Sharrers

Game Notes

No Game Note

Finance

Level 1 -- Attendance: 6000 (100,00%) -- Ticket Income 540 000 $
Level 2 -- Attendance: 4584 (91,68%) -- Ticket Income 252 120 $
Level 3 -- Attendance: 1798 (89,90%) -- Ticket Income 59 334 $
Level 4 -- Attendance: 4000 (100,00%) -- Ticket Income 72 000 $
Luxury Box -- Attendance: 871 (87,10%) -- Ticket Income 156 780 $
Game was played at the Place Banque Scottia.
Total Attendance: 17253 (95,85%)
Total Ticket Income: 1 080 234 $
Other Income: 529 315 $
Total Income: 1 609 549 $

Nordiques

5 vs 5 Forward 
   Center                   Left Wing                Right Wing               Time % Phy DF OF 
 1 Sebastian Aho            Jamie Benn               Patrick Marleau          35     1   1  3  
 2 Luke Glendening          Evander Kane             Alexander Wennberg       30     1   1  3  
 3 Paul Carey               Mathieu Perreault        Connor Brown             25     1   3  1  
 4 Patrick Brown            Chris Kunitz             Chris Bourque            10     1   2  2  

5 vs 5 Defense 
   Defense                  Defense                                           Time % Phy DF OF 
 1 Morgan Rielly            Ben Lovejoy                                       37     1   3  1  
 2 Shayne Gostisbehere      Nick Holden                                       33     1   2  2  
 3 Marcus Pettersson        Travis Sanheim                                    30     1   2  2  
 4 Morgan Rielly            Ben Lovejoy                                       0      1   2  2  

PowerPlay Forward 
   Center                   Left Wing                Right Wing               Time % Phy DF OF 
 1 Sebastian Aho            Jamie Benn               Patrick Marleau          65     1   2  2  
 2 Luke Glendening          Evander Kane             Alexander Wennberg       35     1   2  2  

PowerPlay Defense
   Defense                  Defense                                           Time % Phy DF OF 
 1 Morgan Rielly            Ben Lovejoy                                       50     1   2  2  
 2 Shayne Gostisbehere      Nick Holden                                       50     1   2  2  

Penalty Kill 4 Players Forward 
   Center                   Wing                     Time % Phy DF OF 
 1 Luke Glendening          Alexander Wennberg       60     1   3  1  
 2 Paul Carey               Connor Brown             40     1   3  1  

Penalty Kill 4 Players Defense
   Defense                  Defense                  Time % Phy DF OF 
 1 Marcus Pettersson        Travis Sanheim           50     1   3  1  
 2 Morgan Rielly            Ben Lovejoy              50     1   3  1  

Penalty Kill - 3 Players Forward 
   Forward                                           Time % Phy DF OF 
 1 Luke Glendening                                   60     1   3  1  
 2 Sebastian Aho                                     40     1   3  1  

Penalty Kill - 3 Players Defense
   Defense                  Defense                  Time % Phy DF OF 
 1 Marcus Pettersson        Travis Sanheim           50     1   3  1  
 2 Morgan Rielly            Ben Lovejoy              50     1   3  1  

4 vs 4 Forward 
   Center                   Wing                     Time % Phy DF OF 
 1 Sebastian Aho            Jamie Benn               60     1   2  2  
 2 Luke Glendening          Evander Kane             40     1   1  3  

4 vs 4 Defense
   Defense                  Defense                  Time % Phy DF OF 
 1 Morgan Rielly            Ben Lovejoy              60     1   2  2  
 2 Shayne Gostisbehere      Nick Holden              40     1   2  2  

Last Minutes Offensive
   Center                   Left Wing                Right Wing               Defense                  Defense                  
   Sebastian Aho            Jamie Benn               Patrick Marleau          Morgan Rielly            Ben Lovejoy              

Last Minutes Defensive
   Center                   Left Wing                Right Wing               Defense                  Defense                  
   Sebastian Aho            Jamie Benn               Patrick Marleau          Morgan Rielly            Ben Lovejoy              

Goaltenders
Starting : Roberto Luongo           
Backup : Brad Thiessen            

Extra Forwards
Normal : Evander Kane, Luke Glendening, Alexander Wennberg - PP : Mathieu Perreault, Connor Brown - PK : Sebastian Aho
Extra Defensemen
Normal : Marcus Pettersson, Travis Sanheim, Shayne Gostisbehere - PP : Marcus Pettersson - PK : Nick Holden, Shayne Gostisbehere
Penalty Shots
Sebastian Aho, Jamie Benn, Evander Kane, Patrick Marleau, Luke Glendening
Custom OT Lines Forwards
Sebastian Aho, Jamie Benn, Evander Kane, Patrick Marleau, Luke Glendening, Alexander Wennberg, Mathieu Perreault, Connor Brown, Paul Carey, Chris Kunitz
Custom OT Lines Defensemen
Morgan Rielly, Ben Lovejoy, Shayne Gostisbehere, Nick Holden, Marcus Pettersson

Scratches
Peter Budaj (Healthy)

Senateurs

5 vs 5 Forward 
   Center                   Left Wing                Right Wing               Time % Phy DF OF 
 1 Steven Stamkos           Dustin Brown             Jakub Voracek            40     1   2  2  
 2 Frans Nielsen            Devin Shore              Jared McCann             30     1   2  2  
 3 Erik Haula               Loui Eriksson            Tanner Pearson           20     1   2  2  
 4 Kevin Porter             Jesper Fast              Ryan Hartman             10     1   2  2  

5 vs 5 Defense 
   Defense                  Defense                                           Time % Phy DF OF 
 1 Nikita Zaitsev           Dougie Hamilton                                   40     1   2  2  
 2 Jake McCabe              Christian Folin                                   30     1   2  2  
 3 Karl Alzner              Trevor van Riemsdyk                               20     1   2  2  
 4 Nikita Zaitsev           Dougie Hamilton                                   10     1   2  2  

PowerPlay Forward 
   Center                   Left Wing                Right Wing               Time % Phy DF OF 
 1 Steven Stamkos           Dustin Brown             Jakub Voracek            60     1   2  2  
 2 Frans Nielsen            Devin Shore              Jared McCann             40     1   2  2  

PowerPlay Defense
   Defense                  Defense                                           Time % Phy DF OF 
 1 Nikita Zaitsev           Dougie Hamilton                                   60     1   2  2  
 2 Jake McCabe              Christian Folin                                   40     1   2  2  

Penalty Kill 4 Players Forward 
   Center                   Wing                     Time % Phy DF OF 
 1 Steven Stamkos           Dustin Brown             60     1   2  2  
 2 Jakub Voracek            Frans Nielsen            40     1   2  2  

Penalty Kill 4 Players Defense
   Defense                  Defense                  Time % Phy DF OF 
 1 Nikita Zaitsev           Dougie Hamilton          60     1   2  2  
 2 Jake McCabe              Christian Folin          40     1   2  2  

Penalty Kill - 3 Players Forward 
   Forward                                           Time % Phy DF OF 
 1 Steven Stamkos                                    60     1   2  2  
 2 Dustin Brown                                      40     1   2  2  

Penalty Kill - 3 Players Defense
   Defense                  Defense                  Time % Phy DF OF 
 1 Nikita Zaitsev           Dougie Hamilton          60     1   2  2  
 2 Jake McCabe              Christian Folin          40     1   2  2  

4 vs 4 Forward 
   Center                   Wing                     Time % Phy DF OF 
 1 Steven Stamkos           Dustin Brown             60     1   2  2  
 2 Jakub Voracek            Frans Nielsen            40     1   2  2  

4 vs 4 Defense
   Defense                  Defense                  Time % Phy DF OF 
 1 Nikita Zaitsev           Dougie Hamilton          60     1   2  2  
 2 Jake McCabe              Christian Folin          40     1   2  2  

Last Minutes Offensive
   Center                   Left Wing                Right Wing               Defense                  Defense                  
   Steven Stamkos           Dustin Brown             Jakub Voracek            Nikita Zaitsev           Dougie Hamilton          

Last Minutes Defensive
   Center                   Left Wing                Right Wing               Defense                  Defense                  
   Steven Stamkos           Dustin Brown             Jakub Voracek            Nikita Zaitsev           Dougie Hamilton          

Goaltenders
Starting : Cory Schneider           
Backup : Mike Smith               

Extra Forwards
Normal : Loui Eriksson, Erik Haula, Tanner Pearson - PP : Loui Eriksson, Erik Haula - PK : Tanner Pearson
Extra Defensemen
Normal : Karl Alzner, Trevor van Riemsdyk, Jake McCabe - PP : Karl Alzner - PK : Trevor van Riemsdyk, Jake McCabe
Penalty Shots
Steven Stamkos, Dustin Brown, Jakub Voracek, Frans Nielsen, Devin Shore
Custom OT Lines Forwards
Steven Stamkos, Dustin Brown, Jakub Voracek, Frans Nielsen, Devin Shore, Jared McCann, Loui Eriksson, Erik Haula, Tanner Pearson, Jesper Fast
Custom OT Lines Defensemen
Nikita Zaitsev, Dougie Hamilton, Jake McCabe, Christian Folin, Karl Alzner

Scratches
Jake Virtanen (Healthy), Lucas Wallmark (Healthy), Erik Gustafsson (Healthy)

% Time on Ice - Nordiques

Lines # - Real PCT - Wanted PCT - Time Play
Normal Forward
1 - 29% - 35% - 15:01
2 - 29% - 30% - 15:02
3 - 23% - 25% - 11:51
4 - 18% - 10% - 9:28
Normal Defense
1 - 37% - 37% - 19:09
2 - 32% - 33% - 16:37
3 - 30% - 30% - 15:36
4 - 0% - 0% - 0:00
PP Forward
1 - 64% - 65% - 2:58
2 - 36% - 35% - 1:42
PP Defense
1 - 53% - 50% - 2:28
2 - 47% - 50% - 2:12
PK Forward
1 - 64% - 60% - 2:32
2 - 36% - 40% - 1:26
PK Defense
1 - 53% - 50% - 2:07
2 - 47% - 50% - 1:51
PK3 Forward
1 - 0% - 60%
2 - 0% - 40%
PK3 Defense
1 - 0% - 50%
2 - 0% - 50%
44 Forward
1 - 0% - 60%
2 - 0% - 40%
44 Defense
1 - 0% - 60%
2 - 0% - 40%
Last Minute Offensive  - 0:00
Last Minute Defensive  - 0:00
Total
Forward - 60:00
Defense - 60:00

% Time on Ice - Senateurs

Lines # - Real PCT - Wanted PCT - Time Play
Normal Forward
1 - 30% - 40% - 15:15
2 - 28% - 30% - 14:23
3 - 22% - 20% - 11:32
4 - 20% - 10% - 10:12
Normal Defense
1 - 36% - 40% - 18:24
2 - 33% - 30% - 16:48
3 - 29% - 20% - 14:47
4 - 3% - 10% - 1:23
PP Forward
1 - 56% - 60% - 2:14
2 - 44% - 40% - 1:44
PP Defense
1 - 54% - 60% - 2:09
2 - 46% - 40% - 1:49
PK Forward
1 - 76% - 60% - 3:33
2 - 24% - 40% - 1:07
PK Defense
1 - 61% - 60% - 2:52
2 - 39% - 40% - 1:48
PK3 Forward
1 - 0% - 60%
2 - 0% - 40%
PK3 Defense
1 - 0% - 60%
2 - 0% - 40%
44 Forward
1 - 0% - 60%
2 - 0% - 40%
44 Defense
1 - 0% - 60%
2 - 0% - 40%
Last Minute Offensive  - 0:00
Last Minute Defensive  - 0:00
Total
Forward - 60:00
Defense - 60:00

Play-by-Play

1st period


0:01 of 1st period - Patrick Marleau wins face-off versus Jakub Voracek in neutral zone.
0:10 of 1st period - Snap shot by Jamie Benn.
0:10 of 1st period - Stopped by Cory Schneider without a rebound.
0:11 of 1st period - Luke Glendening wins face-off versus Frans Nielsen in Senateurs zone.
0:36 of 1st period - Mathieu Perreault is hit by Tanner Pearson and loses puck.
0:43 of 1st period - Slapshot by Paul Carey.
0:43 of 1st period - Stopped by Cory Schneider without a rebound.
0:44 of 1st period - Steven Stamkos wins face-off versus Sebastian Aho in Senateurs zone.
0:44 of 1st period - Steven Stamkos is hit by Jamie Benn.
2:36 of 1st period - Off-side.
2:37 of 1st period - Patrick Brown wins face-off versus Kevin Porter in neutral zone.
3:01 of 1st period - Icing by Steven Stamkos.
3:02 of 1st period - Luke Glendening wins face-off versus Steven Stamkos in Senateurs zone.
3:57 of 1st period - Wrist shot by Jesper Fast.
3:57 of 1st period - Stopped by Roberto Luongo without a rebound.
3:58 of 1st period - Paul Carey wins face-off versus Kevin Porter in Nordiques zone.
4:04 of 1st period - Off-side.
4:05 of 1st period - Dustin Brown wins face-off versus Sebastian Aho in neutral zone.
4:40 of 1st period - Off-side.
4:41 of 1st period - Luke Glendening wins face-off versus Erik Haula in neutral zone.
4:56 of 1st period - Wrist shot by Evander Kane.
4:56 of 1st period - Shot Misses the Net.
5:32 of 1st period - Icing by Morgan Rielly.
5:33 of 1st period - Frans Nielsen wins face-off versus Paul Carey in Nordiques zone.
6:14 of 1st period - Jared McCann is hit by Mathieu Perreault and loses puck.
6:44 of 1st period - Snap shot by Mathieu Perreault.
6:44 of 1st period - Stopped by Cory Schneider without a rebound.
6:45 of 1st period - Steven Stamkos wins face-off versus Luke Glendening in Senateurs zone.
7:30 of 1st period - Minor Penalty to Erik Haula for Interference.
7:31 of 1st period - Steven Stamkos wins face-off versus Sebastian Aho in Senateurs zone.
8:48 of 1st period - Nick Holden is hit by Dougie Hamilton.
9:30 of 1st period - Penalty to Erik Haula is over, Erik Haula is back on ice.
10:01 of 1st period - Loui Eriksson is hit by Ben Lovejoy and loses puck.
11:10 of 1st period - Wrist shot by Jakub Voracek.
11:10 of 1st period - Deflect By Dustin Brown.
11:10 of 1st period - Stopped by Roberto Luongo with a rebound.
11:34 of 1st period - Slapshot by Jared McCann.
11:34 of 1st period - Stopped by Roberto Luongo with a rebound.
11:36 of 1st period - Slapshot by Nikita Zaitsev.
11:36 of 1st period - Shot Misses the Net.
12:03 of 1st period - Jesper Fast is hit by Paul Carey.
12:47 of 1st period - Marcus Pettersson is hit by Tanner Pearson and loses puck.
13:13 of 1st period - Wrist shot by Frans Nielsen.
13:13 of 1st period - Stopped by Roberto Luongo without a rebound.
13:14 of 1st period - Steven Stamkos wins face-off versus Sebastian Aho in Nordiques zone.
13:19 of 1st period - Snap shot by Steven Stamkos.
13:19 of 1st period - Shot Misses the Net.
14:01 of 1st period - Snap shot by Sebastian Aho.
14:01 of 1st period - Shot Blocked by Jake McCabe.
14:11 of 1st period - Jake McCabe is hit by Evander Kane and loses puck.
14:46 of 1st period - Trevor van Riemsdyk is hit by Chris Kunitz and loses puck.
15:30 of 1st period - Wrist shot by Ryan Hartman.
15:30 of 1st period - Stopped by Roberto Luongo without a rebound.
15:31 of 1st period - Patrick Marleau wins face-off versus Frans Nielsen in Nordiques zone.
15:46 of 1st period - Slapshot by Jared McCann.
15:46 of 1st period - Shot Blocked by Sebastian Aho.
16:23 of 1st period - Slapshot by Connor Brown.
16:23 of 1st period - Shot Blocked by Jake McCabe.
16:25 of 1st period - Snap shot by Mathieu Perreault.
16:25 of 1st period - Goal by Mathieu Perreault - Nordiques : 1 - Senateurs : 0.
16:26 of 1st period - Steven Stamkos wins face-off versus Sebastian Aho in neutral zone.
17:12 of 1st period - Slapshot by Jesper Fast.
17:12 of 1st period - Stopped by Roberto Luongo with a rebound.
17:14 of 1st period - Wrist shot by Jesper Fast.
17:14 of 1st period - Shot Blocked by Nick Holden.
17:16 of 1st period - Slapshot by Christian Folin.
17:16 of 1st period - Deflect By Jesper Fast.
17:16 of 1st period - Stopped by Roberto Luongo with a rebound.
17:18 of 1st period - Wrist shot by Christian Folin.
17:18 of 1st period - Shot Misses the Net.
17:20 of 1st period - Slapshot by Jake McCabe.
17:20 of 1st period - Shot Misses the Net.
17:22 of 1st period - Slapshot by Jake McCabe.
17:22 of 1st period - Shot Misses the Net.
17:24 of 1st period - Slapshot by Jake McCabe.
17:24 of 1st period - Shot Blocked by Luke Glendening.
17:53 of 1st period - Snap shot by Mathieu Perreault.
17:53 of 1st period - Deflect By Sebastian Aho.
17:53 of 1st period - Stopped by Cory Schneider with a rebound.
17:55 of 1st period - Wrist shot by Shayne Gostisbehere.
17:55 of 1st period - Stopped by Cory Schneider without a rebound.
17:56 of 1st period - Sebastian Aho wins face-off versus Steven Stamkos in Senateurs zone.
17:59 of 1st period - Snap shot by Jamie Benn.
17:59 of 1st period - Shot Misses the Net.
18:01 of 1st period - Wrist shot by Marcus Pettersson.
18:01 of 1st period - Stopped by Cory Schneider without a rebound.
18:02 of 1st period - Steven Stamkos wins face-off versus Sebastian Aho in Senateurs zone.
18:15 of 1st period - Snap shot by Steven Stamkos.
18:15 of 1st period - Stopped by Roberto Luongo with a rebound.
18:53 of 1st period - Slapshot by Paul Carey.
18:53 of 1st period - Stopped by Cory Schneider with a rebound.
19:20 of 1st period - Wrist shot by Ryan Hartman.
19:20 of 1st period - Shot Misses the Net.
19:36 of 1st period - Snap shot by Jesper Fast.
19:36 of 1st period - Shot Blocked by Jamie Benn.
Goals for this period are 1 for Nordiques vs 0 for Senateurs.
Shots for this period are 8 for Nordiques vs 8 for Senateurs.

2nd period


0:01 of 2nd period - Steven Stamkos wins face-off versus Sebastian Aho in neutral zone.
0:46 of 2nd period - Snap shot by Ryan Hartman.
0:46 of 2nd period - Stopped by Roberto Luongo without a rebound.
0:47 of 2nd period - Paul Carey wins face-off versus Kevin Porter in Nordiques zone.
0:56 of 2nd period - Snap shot by Mathieu Perreault.
0:56 of 2nd period - Shot Misses the Net.
0:58 of 2nd period - Snap shot by Marcus Pettersson.
0:58 of 2nd period - Stopped by Cory Schneider without a rebound.
0:59 of 2nd period - Steven Stamkos wins face-off versus Sebastian Aho in Senateurs zone.
1:04 of 2nd period - Sebastian Aho is hit by Nikita Zaitsev and loses puck.
1:11 of 2nd period - Snap shot by Steven Stamkos.
1:11 of 2nd period - Deflect By Jakub Voracek.
1:11 of 2nd period - Shot Blocked by Shayne Gostisbehere.
1:11 of 2nd period - Puck is out of play.
1:12 of 2nd period - Steven Stamkos wins face-off versus Sebastian Aho in Nordiques zone.
1:23 of 2nd period - Snap shot by Steven Stamkos.
1:23 of 2nd period - Shot Misses the Net.
2:13 of 2nd period - Wrist shot by Mathieu Perreault.
2:13 of 2nd period - Deflect By Jake McCabe.
2:13 of 2nd period - Stopped by Cory Schneider with a rebound.
3:27 of 2nd period - Wrist shot by Mathieu Perreault.
3:27 of 2nd period - Shot Misses the Net.
4:43 of 2nd period - Minor Penalty to Nick Holden for Charging.
4:44 of 2nd period - Steven Stamkos wins face-off versus Luke Glendening in Nordiques zone.
4:58 of 2nd period - Snap shot by Jakub Voracek.
4:58 of 2nd period - Stopped by Roberto Luongo with a rebound.
6:43 of 2nd period - Penalty to Nick Holden is over, Nick Holden is back on ice.
6:54 of 2nd period - Alexander Wennberg is hit by Erik Haula and loses puck.
7:19 of 2nd period - Wrist shot by Jesper Fast.
7:19 of 2nd period - Shot Blocked by Travis Sanheim.
7:28 of 2nd period - Icing by Travis Sanheim.
7:29 of 2nd period - Paul Carey wins face-off versus Erik Haula in Nordiques zone.
7:53 of 2nd period - Off-side.
7:54 of 2nd period - Patrick Brown wins face-off versus Steven Stamkos in neutral zone.
9:03 of 2nd period - Icing by Alexander Wennberg.
9:04 of 2nd period - Kevin Porter wins face-off versus Paul Carey in Nordiques zone.
9:13 of 2nd period - Jesper Fast is hit by Ben Lovejoy and loses puck.
9:30 of 2nd period - Slapshot by Sebastian Aho.
9:30 of 2nd period - Shot Misses the Net.
9:32 of 2nd period - Snap shot by Patrick Marleau.
9:32 of 2nd period - Deflect By Sebastian Aho.
9:32 of 2nd period - Deflect By Steven Stamkos.
9:32 of 2nd period - Shot Misses the Net.
9:32 of 2nd period - Puck is out of play.
9:33 of 2nd period - Steven Stamkos wins face-off versus Sebastian Aho in Senateurs zone.
9:58 of 2nd period - Slapshot by Jamie Benn.
9:58 of 2nd period - Stopped by Cory Schneider without a rebound.
9:59 of 2nd period - Frans Nielsen wins face-off versus Luke Glendening in Senateurs zone.
11:02 of 2nd period - Slapshot by Sebastian Aho.
11:02 of 2nd period - Stopped by Cory Schneider without a rebound.
11:03 of 2nd period - Luke Glendening wins face-off versus Frans Nielsen in Senateurs zone.
11:07 of 2nd period - Slapshot by Luke Glendening.
11:07 of 2nd period - Stopped by Cory Schneider without a rebound.
11:08 of 2nd period - Luke Glendening wins face-off versus Frans Nielsen in Senateurs zone.
11:15 of 2nd period - Slapshot by Alexander Wennberg.
11:15 of 2nd period - Stopped by Cory Schneider with a rebound.
11:17 of 2nd period - Snap shot by Evander Kane.
11:17 of 2nd period - Shot Misses the Net.
11:19 of 2nd period - Slapshot by Shayne Gostisbehere.
11:19 of 2nd period - Stopped by Cory Schneider with a rebound.
11:21 of 2nd period - Wrist shot by Evander Kane.
11:21 of 2nd period - Goal by Evander Kane - Nordiques : 2 - Senateurs : 0.
11:22 of 2nd period - Sebastian Aho wins face-off versus Steven Stamkos in neutral zone.
11:27 of 2nd period - Snap shot by Jamie Benn.
11:27 of 2nd period - Shot Blocked by Nikita Zaitsev.
11:39 of 2nd period - Wrist shot by Dustin Brown.
11:39 of 2nd period - Shot Misses the Net.
12:04 of 2nd period - Slapshot by Sebastian Aho.
12:04 of 2nd period - Shot Blocked by Tanner Pearson.
12:06 of 2nd period - Slapshot by Ben Lovejoy.
12:06 of 2nd period - Shot Blocked by Christian Folin.
12:08 of 2nd period - Slapshot by Ben Lovejoy.
12:08 of 2nd period - Stopped by Cory Schneider with a rebound.
12:50 of 2nd period - Snap shot by Jamie Benn.
12:50 of 2nd period - Stopped by Cory Schneider without a rebound.
12:51 of 2nd period - Luke Glendening wins face-off versus Dustin Brown in Senateurs zone.
15:03 of 2nd period - Alexander Wennberg is hit by Frans Nielsen.
15:35 of 2nd period - Wrist shot by Jared McCann.
15:35 of 2nd period - Deflect By Frans Nielsen.
15:35 of 2nd period - Stopped by Roberto Luongo with a rebound.
15:47 of 2nd period - Chris Bourque is hit by Ryan Hartman and loses puck.
16:15 of 2nd period - Morgan Rielly is hit by Nikita Zaitsev and loses puck.
16:22 of 2nd period - Loui Eriksson is hit by Paul Carey and loses puck.
16:42 of 2nd period - Trevor van Riemsdyk is hit by Patrick Marleau and loses puck.
16:57 of 2nd period - Frans Nielsen is hit by Luke Glendening and loses puck.
17:16 of 2nd period - Icing by Patrick Brown.
17:17 of 2nd period - Kevin Porter wins face-off versus Patrick Brown in Nordiques zone.
17:18 of 2nd period - Wrist shot by Ryan Hartman.
17:18 of 2nd period - Stopped by Roberto Luongo without a rebound.
17:19 of 2nd period - Kevin Porter wins face-off versus Sebastian Aho in Nordiques zone.
17:56 of 2nd period - Snap shot by Jakub Voracek.
17:56 of 2nd period - Stopped by Roberto Luongo without a rebound.
17:57 of 2nd period - Patrick Marleau wins face-off versus Frans Nielsen in Nordiques zone.
17:59 of 2nd period - Icing by Sebastian Aho.
18:00 of 2nd period - Sebastian Aho wins face-off versus Frans Nielsen in Nordiques zone.
19:15 of 2nd period - Snap shot by Morgan Rielly.
19:15 of 2nd period - Stopped by Cory Schneider without a rebound.
19:16 of 2nd period - Patrick Brown wins face-off versus Frans Nielsen in Senateurs zone.
19:30 of 2nd period - Minor Penalty to Devin Shore for Tripping.
19:31 of 2nd period - Steven Stamkos wins face-off versus Sebastian Aho in Senateurs zone.
19:36 of 2nd period - Slapshot by Dougie Hamilton.
19:36 of 2nd period - Deflect By Shayne Gostisbehere.
19:36 of 2nd period - Stopped by Roberto Luongo with a rebound.
Goals for this period are 1 for Nordiques vs 0 for Senateurs.
Shots for this period are 11 for Nordiques vs 6 for Senateurs.

3rd period


0:01 of 3rd period - Steven Stamkos wins face-off versus Sebastian Aho in neutral zone.
0:08 of 3rd period - Wrist shot by Patrick Marleau.
0:08 of 3rd period - Shot Misses the Net.
0:10 of 3rd period - Snap shot by Sebastian Aho.
0:10 of 3rd period - Shot Misses the Net.
0:12 of 3rd period - Snap shot by Jamie Benn.
0:12 of 3rd period - Goal by Jamie Benn - Nordiques : 3 - Senateurs : 0.
0:13 of 3rd period - Steven Stamkos wins face-off versus Sebastian Aho in neutral zone.
0:16 of 3rd period - Morgan Rielly is hit by Steven Stamkos and loses puck.
0:41 of 3rd period - Snap shot by Frans Nielsen.
0:41 of 3rd period - Stopped by Roberto Luongo without a rebound.
0:42 of 3rd period - Frans Nielsen wins face-off versus Luke Glendening in Nordiques zone.
1:39 of 3rd period - Evander Kane is hit by Christian Folin.
2:37 of 3rd period - Wrist shot by Alexander Wennberg.
2:37 of 3rd period - Shot Misses the Net.
2:39 of 3rd period - Wrist shot by Evander Kane.
2:39 of 3rd period - Stopped by Cory Schneider with a rebound.
2:41 of 3rd period - Slapshot by Marcus Pettersson.
2:41 of 3rd period - Shot Misses the Net.
2:43 of 3rd period - Wrist shot by Luke Glendening.
2:43 of 3rd period - Goal by Luke Glendening - Nordiques : 4 - Senateurs : 0.
2:44 of 3rd period - Sebastian Aho wins face-off versus Steven Stamkos in neutral zone.
2:53 of 3rd period - Wrist shot by Sebastian Aho.
2:53 of 3rd period - Stopped by Cory Schneider with a rebound.
3:11 of 3rd period - Connor Brown is hit by Jesper Fast and loses puck.
3:18 of 3rd period - Snap shot by Shayne Gostisbehere.
3:18 of 3rd period - Shot Misses the Net.
3:20 of 3rd period - Slapshot by Connor Brown.
3:20 of 3rd period - Stopped by Cory Schneider with a rebound.
3:34 of 3rd period - Patrick Brown is hit by Dougie Hamilton.
3:42 of 3rd period - Slapshot by Dougie Hamilton.
3:42 of 3rd period - Shot Misses the Net.
4:22 of 3rd period - Jakub Voracek is hit by Jamie Benn and loses puck.
4:33 of 3rd period - Erik Haula is hit by Patrick Brown.
4:50 of 3rd period - Karl Alzner is hit by Ben Lovejoy and loses puck.
5:05 of 3rd period - Mathieu Perreault is hit by Dustin Brown and loses puck.
6:01 of 3rd period - Morgan Rielly is hit by Devin Shore and loses puck.
7:01 of 3rd period - Travis Sanheim is hit by Jakub Voracek and loses puck.
7:49 of 3rd period - Loui Eriksson is hit by Connor Brown and loses puck.
8:06 of 3rd period - Jamie Benn is hit by Jakub Voracek.
8:17 of 3rd period - Jamie Benn is hit by Dustin Brown and loses puck.
8:35 of 3rd period - Luke Glendening is hit by Kevin Porter and loses puck.
9:08 of 3rd period - Wrist shot by Connor Brown.
9:08 of 3rd period - Stopped by Cory Schneider without a rebound.
9:09 of 3rd period - Paul Carey wins face-off versus Steven Stamkos in Senateurs zone.
9:26 of 3rd period - Paul Carey is hit by Dougie Hamilton and loses puck.
9:33 of 3rd period - Snap shot by Jakub Voracek.
9:33 of 3rd period - Deflect By Paul Carey.
9:33 of 3rd period - Stopped by Roberto Luongo with a rebound.
9:47 of 3rd period - Snap shot by Dustin Brown.
9:47 of 3rd period - Stopped by Roberto Luongo with a rebound.
9:49 of 3rd period - Snap shot by Jakub Voracek.
9:49 of 3rd period - Stopped by Roberto Luongo without a rebound.
9:50 of 3rd period - Frans Nielsen wins face-off versus Sebastian Aho in Nordiques zone.
9:53 of 3rd period - Wrist shot by Jared McCann.
9:53 of 3rd period - Stopped by Roberto Luongo with a rebound.
9:55 of 3rd period - Slapshot by Dougie Hamilton.
9:55 of 3rd period - Stopped by Roberto Luongo with a rebound.
9:57 of 3rd period - Snap shot by Frans Nielsen.
9:57 of 3rd period - Stopped by Roberto Luongo with a rebound.
9:59 of 3rd period - Wrist shot by Nikita Zaitsev.
9:59 of 3rd period - Shot Misses the Net.
10:01 of 3rd period - Snap shot by Frans Nielsen.
10:01 of 3rd period - Shot Blocked by Morgan Rielly.
10:03 of 3rd period - Snap shot by Frans Nielsen.
10:03 of 3rd period - Shot Blocked by Morgan Rielly.
10:05 of 3rd period - Slapshot by Trevor van Riemsdyk.
10:05 of 3rd period - Shot Misses the Net.
10:34 of 3rd period - Minor Penalty to Loui Eriksson for Tripping.
10:35 of 3rd period - Steven Stamkos wins face-off versus Sebastian Aho in Senateurs zone.
10:48 of 3rd period - Snap shot by Jamie Benn.
10:48 of 3rd period - Shot Misses the Net.
10:50 of 3rd period - Snap shot by Patrick Marleau.
10:50 of 3rd period - Shot Blocked by Nikita Zaitsev.
10:52 of 3rd period - Snap shot by Jamie Benn.
10:52 of 3rd period - Stopped by Cory Schneider without a rebound.
10:53 of 3rd period - Sebastian Aho wins face-off versus Steven Stamkos in Senateurs zone.
11:26 of 3rd period - Wrist shot by Evander Kane.
11:26 of 3rd period - Shot Misses the Net.
12:00 of 3rd period - Nick Holden is hit by Dustin Brown and loses puck.
12:19 of 3rd period - Snap shot by Jakub Voracek.
12:19 of 3rd period - Stopped by Roberto Luongo with a rebound.
12:34 of 3rd period - Penalty to Loui Eriksson is over, Loui Eriksson is back on ice.
12:41 of 3rd period - Luke Glendening is hit by Erik Haula.
14:06 of 3rd period - Snap shot by Ryan Hartman.
14:06 of 3rd period - Shot Misses the Net.
14:50 of 3rd period - Slapshot by Frans Nielsen.
14:50 of 3rd period - Deflect By Jared McCann.
14:50 of 3rd period - Stopped by Roberto Luongo without a rebound.
14:51 of 3rd period - Frans Nielsen wins face-off versus Patrick Brown in Nordiques zone.
14:58 of 3rd period - Wrist shot by Chris Bourque.
14:58 of 3rd period - Stopped by Cory Schneider with a rebound.
15:12 of 3rd period - Snap shot by Jakub Voracek.
15:12 of 3rd period - Shot Misses the Net.
15:32 of 3rd period - Snap shot by Morgan Rielly.
15:32 of 3rd period - Stopped by Cory Schneider with a rebound.
15:34 of 3rd period - Slapshot by Ben Lovejoy.
15:34 of 3rd period - Stopped by Cory Schneider with a rebound.
15:36 of 3rd period - Backhand shot by Morgan Rielly.
15:36 of 3rd period - Shot Misses the Net.
15:38 of 3rd period - Backhand shot by Mathieu Perreault.
15:38 of 3rd period - Shot Misses the Net.
15:40 of 3rd period - Snap shot by Connor Brown.
15:40 of 3rd period - Stopped by Cory Schneider without a rebound.
15:41 of 3rd period - Frans Nielsen wins face-off versus Sebastian Aho in Senateurs zone.
15:48 of 3rd period - Wrist shot by Dougie Hamilton.
15:48 of 3rd period - Shot Misses the Net.
16:31 of 3rd period - Snap shot by Ryan Hartman.
16:31 of 3rd period - Stopped by Roberto Luongo with a rebound.
16:43 of 3rd period - Wrist shot by Evander Kane.
16:43 of 3rd period - Stopped by Cory Schneider with a rebound.
16:45 of 3rd period - Snap shot by Evander Kane.
16:45 of 3rd period - Stopped by Cory Schneider with a rebound.
16:47 of 3rd period - Snap shot by Ben Lovejoy.
16:47 of 3rd period - Shot Misses the Net.
17:10 of 3rd period - Minor Penalty to Evander Kane for Interference.
17:11 of 3rd period - Steven Stamkos wins face-off versus Paul Carey in Nordiques zone.
17:13 of 3rd period - Snap shot by Jakub Voracek.
17:13 of 3rd period - Stopped by Roberto Luongo without a rebound.
17:14 of 3rd period - Steven Stamkos wins face-off versus Paul Carey in Nordiques zone.
17:18 of 3rd period - Snap shot by Jakub Voracek.
17:18 of 3rd period - Deflect By Steven Stamkos.
17:18 of 3rd period - Stopped by Roberto Luongo without a rebound.
17:19 of 3rd period - Paul Carey wins face-off versus Steven Stamkos in Nordiques zone.
17:36 of 3rd period - Snap shot by Dustin Brown.
17:36 of 3rd period - Stopped by Roberto Luongo without a rebound.
17:37 of 3rd period - Luke Glendening wins face-off versus Frans Nielsen in Nordiques zone.
17:52 of 3rd period - Snap shot by Morgan Rielly.
17:52 of 3rd period - Stopped by Cory Schneider with a rebound.
19:10 of 3rd period - Penalty to Evander Kane is over, Evander Kane is back on ice.
19:49 of 3rd period - Slapshot by Evander Kane.
19:49 of 3rd period - Shot Misses the Net.
19:51 of 3rd period - Wrist shot by Evander Kane.
19:51 of 3rd period - Deflect By Paul Carey.
19:51 of 3rd period - Stopped by Cory Schneider with a rebound.
19:53 of 3rd period - Snap shot by Evander Kane.
19:53 of 3rd period - Shot Blocked by Karl Alzner.
19:55 of 3rd period - Wrist shot by Connor Brown.
19:55 of 3rd period - Stopped by Cory Schneider without a rebound.
19:56 of 3rd period - Steven Stamkos wins face-off versus Sebastian Aho in Senateurs zone.
Goals for this period are 2 for Nordiques vs 0 for Senateurs.
Shots for this period are 16 for Nordiques vs 13 for Senateurs.